 Dungeon Crawl Stone Soup version 0.30-a0-715-gdb4ae3ece1 (webtiles) character file.

Game seed: 14360166448072914485

126 Ijustatesigmund the Chiller (level 4, -1/25 HPs)
             Began as a Deep Elf Ice Elementalist on Jan 23, 2023.
             Slain by Grinder (2 damage)
             ... on level 3 of the Dungeon.
             The game lasted 00:06:29 (2806 turns).

Ijustatesigmund the Chiller (DEIE)                  Turns: 2806, Time: 00:06:30

Health: -1/25      AC: 10    Str:  5    XL:     4   Next: 84%
Magic:  3/13       EV: 12    Int: 22    God:
Gold:   142        SH:  0    Dex: 15    Spells: 6/13 levels left

rFire   . . .      SeeInvis .    c - +1 dagger (flame)
rCold   . . .      Faith    .    (no shield)
rNeg    . . .      Spirit   .    a - +0 robe
rPois   .          Reflect  .    (no helmet)
rElec   .          Harm     .    (no cloak)
rCorr   .          Rampage  .    (no gloves)
Will    .....                    (no boots)
Stlth   ++                       (no amulet)
HPRegen 0.24/turn                (no ring)
MPRegen 0.13/turn                (no ring)

@: mighty, brilliant, ice-armoured (expiring), freezing walls
A: no striking features
a: no special abilities


You were on level 3 of the Dungeon.
You visited 1 branch of the dungeon, and saw 3 of its levels.

You collected 142 gold pieces.

Inventory:

Hand Weapons
 c - a +1 dagger of flaming (weapon)
 k - a +0 sling
Missiles
 d - 6 poisoned darts
Armour
 a - a +0 robe (worn)
 h - a +0 buckler
 m - a +0 pair of boots
Jewellery
 g - a ring of protection from cold
 j - a ring of protection from fire
Potions
 b - a potion of magic
 e - a potion of might
 f - a potion of brilliance
 l - a potion of curing {unknown}


   Skills:
 + Level 1.2 Fighting
 - Level 2.4 Dodging
 - Level 2.4 Stealth
 + Level 5.0 Spellcasting
 + Level 5.5 Ice Magic


You had 6 spell levels left.
You knew the following spells:

 Your Spells              Type           Power      Damage    Failure   Level
a - Freeze                Ice            100%       1d10      1%          1
b - Frozen Ramparts       Ice            88%        1d14      3%          3
c - Ozocubu's Armour      Ice            44%        N/A       3%          3

Your spell library contained the following spells:

 Spells                   Type           Power      Damage    Failure   Level
 Apportation              Tloc           16%        N/A       10%         1
 Summon Ice Beast         Ice/Summ       26%        N/A       32%         4
 Alistair's Intoxication  Tmut/Pois      5%         N/A       95%         5
 Irradiate                Conj/Tmut      4%         3d13      95%         5
 Starburst                Conj/Fire      4%         6d3       100%        6
 Chain Lightning          Conj/Air       4%         3d5       100%        9
 Fire Storm               Conj/Fire      4%         8d1       100%        9
 Shatter                  Erth           4%         3d7*      100%        9


Dungeon Overview and Level Annotations

Branches:
Dungeon (3/15)

Altars:

Annotations:
D:3 Grinder


Message History

Grinder resists.
The wall freezes Grinder.
Casting: Freeze (safe; 1% risk of failure)
Confirm with . or Enter, or press ? or * to list all spells.
Aiming: Freeze (safe; 1% risk of failure)
Press: ? - help, Shift-Dir - straight line, f - Grinder
Aim: Grinder (moderately wounded)
You feel a surge of power!
You freeze Grinder but do no damage.
Grinder completely resists.
Your icy armour starts to melt.
Grinder resists.
The wall freezes Grinder.
Grinder misses you.
You puncture Grinder! You burn Grinder.
Grinder is heavily wounded.
The frozen ramparts melt away.
Grinder hits you!
You writhe in agony.
* * * LOW HITPOINT WARNING * * *
Casting: Freeze (safe; 1% risk of failure)
Confirm with . or Enter, or press ? or * to list all spells.
The spell is quite dangerous to miscast (3% risk of failure)!
Continue anyway? [Y]es or [N]o only, please.
The spell is quite dangerous to miscast (3% risk of failure)!
Continue anyway?
Casting: Frozen Ramparts (quite dangerous; 3% risk of failure)
Press: ? - help, Dir - look around, f - activate You feel a surge of power!
The walls around you are covered in ice.
Grinder resists.
The wall freezes Grinder.
Grinder hits you.
* * * LOW HITPOINT WARNING * * *
Grinder is nearby!
Grinder is nearby!
Casting: Frozen Ramparts (quite dangerous; 3% risk of failure)
Confirm with . or Enter, or press ? or * to list all spells.
Aiming: Freeze (safe; 1% risk of failure)
Press: ? - help, Shift-Dir - straight line, f - Grinder
Aim: Grinder (heavily wounded)
You feel a surge of power!
You freeze Grinder.
Grinder resists.
Grinder is severely wounded.
The wall freezes Grinder but does no damage.
Grinder says, "I used to sell toenails on the black market."
Grinder hits you.
* * * LOW HITPOINT WARNING * * *
You writhe in agony.
You die...

...##.....##
### ####..#
#..## #...###
#.#...# #
#...#.# ...
###...# #..#.
##..#####......
#..))5@†.#
##..######
#.... #.......
#......J...
#.......5..
.........S.
##..........


You could see Grinder.

Vanquished Creatures
  An orc wizard (D:3)
  An adder (D:2)
  3 worms (D:2)
  3 orcs (D:3)
  3 ball pythons
  6 endoplasms
  4 giant cockroaches
  10 goblins
  9 hobgoblins
  6 jackals
  2 quokkas
  6 bats
  9 frilled lizards
  8 kobolds
  2 rats
73 creatures vanquished.

Vanquished Creatures (others)
  3 toadstools (D:1)
3 creatures vanquished.

Grand Total: 76 creatures vanquished

Notes
Turn   | Place    | Note
-------+----------+-------------------------------------------
     0 | D:1      | Ijustatesigmund the Deep Elf Ice Elementalist began the
                  | quest for the Orb.
     0 | D:1      | Reached XP level 1. HP: 10/10 MP: 6/6
   405 | D:1      | Found a faded altar of an unknown god.
   604 | D:1      | Reached XP level 2. HP: 15/15 MP: 5/8
  1239 | D:1      | Reached skill level 5 in Ice Magic
  1239 | D:1      | Reached XP level 3. HP: 19/19 MP: 8/10
  1470 | D:1      | Learned a level 3 spell: Frozen Ramparts
  1905 | D:2      | Reached XP level 4. HP: 15/24 MP: 8/12
  1966 | D:2      | Learned a level 3 spell: Ozocubu's Armour
  2317 | D:2      | Got the Tome of Kismet
  2682 | D:3      | Reached skill level 1 in Fighting
  2757 | D:3      | Noticed Grinder
  2770 | D:3      | Reached skill level 5 in Spellcasting
  2775 | D:3      | Paralysed by Grinder for 3 turns
  2784 | D:3      | Paralysed by Grinder for 3 turns
  2789 | D:3      | Paralysed by Grinder for 4 turns
  2806 | D:3      | HP: 1/25 [Grinder (2)]
  2806 | D:3      | Slain by Grinder

Illustrated notes

Levels and vault maps discovered:
D:1:      shiori_arrival_oz, layout_basic,
          hellmonk_ecumenical_altar_pennies_from_heaven,
          ebering_dispersal_statue_hall, st_stairs_14, minmay_gold_behind_fungi
D:2:      minmay_skewed_foursquare, layout_basic, chequers_arboretum
D:3:      layout_rooms, grunt_qazlal_sundering, uniq_grinder

Skill      XL: |  1  2  3  4 |
---------------+-------------+-----
Spellcasting   | 4 5 |  5.0
Ice Magic      | 5 |  5.5
Fighting       | 1 |  1.2
Dodging        | |  2.4
Stealth        | |  2.4

Action                     |  1- 3 |  4- 6 || total
---------------------------+-------+-------++-------
  Melee: Dagger            |    14 |    15 ||    29
   Cast: Freeze            |    58 |    12 ||    70
         Frozen Ramparts   |     2 |     9 ||    11
         Ozocubu's Armour  |       |     3 ||     3
    Use: Scroll            |     5 |       ||     5
         Potion            |       |     3 ||     3
   Stab: Sleeping          |     7 |     1 ||     8
 Armour: Robe              |    12 |     5 ||    17
  Dodge: Dodged            |    26 |     8 ||    34

Table legend: (Time is in decaauts)
 A = Elapsed time spent in this place.
 B = Non-inter-level travel time spent in this place.
 C = Inter-level travel time spent in this place.
 D = Time resting spent in this place.
 E = Time spent auto-exploring this place.
 F = Levels seen in this place.
 G = Mean time per level.
                   A        B        C        D        E       F      G
               +--------+--------+--------+--------+--------+-----+--------+
         Total |   2807 |   2778 |     29 |    764 |   1618 |   3 |  935.7 |
       Dungeon |   2807 |   2778 |     29 |    764 |   1618 |   3 |  935.7 |
               +--------+--------+--------+--------+--------+-----+--------+

Top non-repeatable levels by time:
     D:1: 1650 daAuts
     D:2: 1024 daAuts
     D:3: 132 daAuts
